 Dungeon Crawl Stone Soup version 0.28.0-43-g3370ac3207 (console) character file.

Game seed: 7810791007288230853

48 Zeor the Gusty (level 3, -1/14 HPs)
             Began as a Felid Air Elementalist on Mar 29, 2022.
             Slain by a goblin
             ... wielding a +0 dagger
             ... led by Robin
              (4 damage)
             ... on level 2 of the Dungeon.
             The game lasted 00:04:56 (2035 turns).

Zeor the Gusty (Felid Air Elementalist)             Turns: 2035, Time: 00:04:57

Health: -1/14      AC:  1    Str:  4    XL:     3   Next: 50%
Magic:  1/7        EV: 17    Int: 18    God:
Gold:   115        SH:  5    Dex: 16    Spells: 3/6 levels left
                                        Lives:  0   Deaths: 0

rFire   . . .      SeeInvis +   (weapon unavailable)
rCold   . . .      Faith    .   (shield unavailable)
rNeg    . . .      Spirit   .   (armour unavailable)
rPois   .          Reflect  +   (helmet unavailable)
rElec   .          Harm     .   (cloak unavailable)
rCorr   .          Rampage  .   (gloves unavailable)
Will    .....                   (boots unavailable)
Stlth   ++........              b - amulet of reflection
HPRegen 0.04/turn               (no ring)
MPRegen 0.10/turn               (no ring)

@: quick
A: very small, claws 1, fangs 3, see invisible, speed 1, shaggy fur 1, stealthy
paws, no weapons or thrown items, no armour, multi-lived
a: no special abilities


You were on level 2 of the Dungeon.
You visited 1 branch of the dungeon, and saw 2 of its levels.

You collected 115 gold pieces.

Inventory:

Jewellery
 b - an amulet of reflection (around neck)
Scrolls
 c - a scroll of teleportation {unknown}


   Skills:
 + Level 2.7 Dodging
 + Level 3.2 Stealth
 + Level 0.1 Unarmed Combat
 * Level 2.4 Spellcasting
 + Level 1.3 Conjurations
 * Level 3.4 Air Magic


You had 3 spell levels left.
You knew the following spells:

 Your Spells              Type           Power      Damage    Failure   Level
a - Shock                 Conj/Air       40%        1d5       6%          1
b - Static Discharge      Conj/Air       10%        N/A       10%         2

Your spell library contained the following spells:

 Spells                   Type           Power      Damage    Failure   Level
 Swiftness                Air            14%        N/A       13%         3
 Animate Skeleton         Necr           4%         N/A       17%         1
 Apportation              Tloc           4%         N/A       17%         1
 Summon Small Mammal      Summ           8%         N/A       17%         1
 Airstrike                Air            7%         N/A       38%         4


Dungeon Overview and Level Annotations

Branches:
Dungeon (2/15)

Altars:

Shops:
D:2 (

Annotations:
D:2 Robin


Innate Abilities, Weirdness & Mutations

You have sharp claws.
You have razor-sharp teeth.
You have supernaturally acute eyesight. (SInv)
You cover ground quickly. (Speed+)
You are covered in fur. (AC +1)
Your paws help you pounce on unaware monsters.
You are incapable of wielding weapons or throwing items.
You cannot wear armour.
You gain extra lives every three experience levels.


Message History

The zap hits Robin.
Robin is moderately wounded.
A goblin comes into view. It is wielding a +0 dagger.
Aiming: Shock (safe; 6% risk of failure)
Press: ? - help, Q - select action, (/) - cycle Shift-Dir - straight line, f/p - Robin
Aim: Robin, wielding a +0 spear, wearing a +0 animal skin and wearing a +2 helmet (moderately wounded, 77% to hit)
The zap hits Robin.
Robin is moderately wounded.
The goblin shouts!
A goblin comes into view. It is wielding a +0 dagger.
Robin throws the goblin at you! The goblin barely misses you.
Aiming: Shock (safe; 6% risk of failure)
Press: ? - help, Q - select action, (/) - cycle Shift-Dir - straight line, f/p - Robin
Aim: Robin, wielding a +0 spear, wearing a +0 animal skin and wearing a +2 helmet (moderately wounded, 77% to hit)
The zap misses Robin.
The goblin shouts!
You hear a shout!
Robin roars a battlecry!
The goblins go into a battle-frenzy!
The goblin closely misses you.
You scratch the goblin.
The goblin is severely wounded.
A goblin comes into view. It is wielding a +0 club. x2
Robin throws the goblin at you! The goblin closely misses you.
You scratch the goblin but do no damage.
The goblin is heavily wounded.
You block the goblin's attack. The goblin closely misses you.
You barely miss the goblin.
The goblin is moderately wounded.
The goblin hits you with a +0 dagger. x2
* * * LOW HITPOINT WARNING * * *
You closely miss the goblin.
The goblin is moderately wounded.
The goblin misses you. x2
Casting: Shock (safe; 6% risk of failure)
Confirm with . or Enter, or press ? or * to list all spells.
The goblin is struck by an arc of lightning.
You kill the goblin!
The lightning grounds out.
The goblin hits you with a +0 dagger.
You die...

▒▒▒ ▒<▒ ▒▒▒▒▒∙▒ ▒∙∙∙∙∙▒ ▒∙▒▒▒▒▒
▒■▒▒▒ ▒∙▒▒▒▒▒▒▒ ∙∙∙∙▒ ▒g▒∙∙∙∙∙▒
∙∙∙∙▒ ▒h▒∙∙∙∙∙▒ ∙∙∙∙▒
▒▒▒▒▒▒▒▒)▒∙∙∙∙∙▒ ∙∙∙∙▒▒▒
▒∙∙∙∙∙∙gg▒∙∙∙∙∙▒▒▒▒
▒∙∙∙∙∙▒▒▒∙∙∙∙∙∙gg∙∙∙∙∙∙∙∙∙▒▒▒
∙∙∙∙∙∙∙∙∙∙∙∙∙g∙∙∙∙∙∙∙∙∙∙∙∙∙>▒ ▒▒
∙∙∙∙∙∙▒▒▒∙∙▒∙∙∙∙∙▒∙▒∙▒▒▒▒∙∙∙▒ ▒∙
∙∙∙∙∙∙▒ ▒∙∙▒∙▒▒▒∙▒∙▒∙▒▒∙▒∙∙∙▒▒▒▒∙
∙∙∙∙∙∙▒▒▒∙∙▒∙▒∙∙∙▒∙▒∙∙∙)▒∙∙∙▒▒∙∙∙
▒▒▒▒▒∙∙∙∙∙∙▒∙▒∙▒∙▒∙▒∙▒▒∙▒∙∙∙▒▒∙▒∙


You could see Robin and 5 goblins.

Vanquished Creatures
  An adder (D:2)
  A dart slug (D:1)
  2 ball pythons
  A bat (D:1)
  4 endoplasms
  3 giant cockroaches
  7 goblins
  3 hobgoblins
  2 quokkas (D:1)
  A frilled lizard (D:2)
  4 kobolds
  4 rats
33 creatures vanquished.

Notes
Turn   | Place    | Note
-------+----------+-------------------------------------------
     0 | D:1      | Zeor the Felid Air Elementalist began the quest for the
                  | Orb.
     0 | D:1      | Reached XP level 1. HP: 7/7 MP: 4/4
   489 | D:1      | Reached XP level 2. HP: 11/11 MP: 1/6
   581 | D:1      | Learned a level 2 spell: Static Discharge
   722 | D:1      | Reached skill level 1 in Conjurations
  1403 | D:2      | Reached XP level 3. HP: 14/14 MP: 0/7
  1697 | D:2      | Noticed Robin
  1765 | D:2      | Found Tehumirph's Weapon Shoppe.
  2035 | D:2      | Slain by a goblin

Illustrated notes

Levels and vault maps discovered:
D:1:      wander_arrival_desolate, layout_basic, minmay_misc_feat_doors
D:2:      layout_basic, serial_shops, shop, uniq_robin

Skill      XL: |  1  2 |
---------------+-------+-----
Air Magic      | 3 |  3.4
Stealth        | 3 |  3.2
Conjurations   | 1 |  1.3
Dodging        | |  2.7
Unarmed Combat | |  0.1
Spellcasting   | |  2.4

Action                   || total
-------------------------++-------
Melee: Unarmed           ||    25
 Cast: Shock             ||    62
       Static Discharge  ||     4
  Use: Scroll            ||     2
       Potion            ||     3
 Stab: Sleeping          ||     3
Armor: Skin              ||     9
Dodge: Dodged            ||    23
Block: Other             ||     7
